 Dungeon Crawl Stone Soup version 0.31.0-9-g3a7656b989 (webtiles) character file.

Game seed: 13945905540678296552

266 GordonOverkill the Trooper (level 5, -1/38 (45) HPs)
             Began as a Demigod Gladiator on Jan 26, 2024.
             Slain by a wight
             ... wielding a +4 falchion
              (5 damage)
             ... in an ossuary.
             The game lasted 00:09:38 (4102 turns).

GordonOverkill the Trooper (Demigod Gladiator)      Turns: 4102, Time: 00:09:39

HP:   -1/38 (45)    AC:  4    Str: 15    XL:     5   Next: 67%
MP:   5/12          EV: 12    Int: 20    God:
Gold: 309           SH:  0    Dex: 15    Spells: 3/10 levels left

rFire   . . .        a - +2 rapier
rCold   . . .        (no shield)
rNeg    . . .        b - +0 leather armour
rPois   .            c - +0 helmet
rElec   .            (no cloak)
rCorr   .            (no gloves)
SInv    .            (no boots)
Will    .....        o - amulet of regeneration
Stlth   +            h - +6 ring of intelligence
HPRegen 1.06/turn    (no ring)
MPRegen 0.13/turn

%: no passive effects
@: very slightly contaminated, heavily drained
A: high MP 1, forlorn, divine attributes
a: no special abilities


You were in an ossuary.
You visited 1 branch of the dungeon, and saw 4 of its levels.
You also visited: Ossuary.

You collected 309 gold pieces.

Inventory:

Hand Weapons
 a - a +2 rapier (weapon)
Missiles
 d - 3 throwing nets (quivered)
 j - a javelin
Armour
 b - a +0 leather armour (worn)
 c - a +0 helmet (worn)
 p - a +0 robe
Jewellery
 e - an amulet of magic regeneration
 h - a +6 ring of intelligence (left hand)
 k - an amulet of guardian spirit
 o - an amulet of regeneration (around neck)
Wands
 s - a wand of polymorph (7)
Scrolls
 m - a scroll of brand weapon {unknown}
 q - a scroll of amnesia
 u - a scroll of noise {unknown}
 v - a scroll of identify
Potions
 f - a potion of haste
 g - 3 potions of invisibility
 i - a potion of heal wounds
 l - 5 potions of curing {unknown}
 n - a potion of brilliance
 r - a potion of resistance {unknown}
 t - a potion of might {unknown}


   Skills:
 - Level 3.0 Fighting
 - Level 2.6 Short Blades
 - Level 1.7 Throwing
 - Level 2.6 Dodging
 - Level 3.0 Spellcasting
 - Level 2.0 Hexes
 + Level 2.2 Ice Magic


You had 3 spell levels left.
You knew the following spells:

 Your Spells              Type           Power      Damage    Failure   Level
a - Confusing Touch       Hex            11%        N/A       22%         3
b - Slow                  Hex            44%        N/A       8%          1
c - Frozen Ramparts       Ice            22%        1d4       22%         3

Your spell library contained the following spells:

 Spells                   Type           Power      Damage    Failure   Level
 Magic Dart               Conj           12%        1d3       17%         1
 Sigil of Binding         Hex            11%        N/A       22%         3
 Blink                    Tloc           6%         N/A       26%         2
 Call Imp                 Summ           6%         N/A       26%         2
 Cigotuvi's Dreadful Rot  Necr/Alch/Air  6%         N/A       26%         2
 Vampiric Draining        Necr           3%         2d6       45%         3
 Dispel Undead            Necr           3%         3d7       86%         4
 Leda's Liquefaction      Alch/Erth      1%         N/A       86%         4
 Martyr's Knell           Necr/Summ      3%         N/A       86%         4
 Petrify                  Alch/Erth      3%         N/A       86%         4
 Metabolic Englaciation   Hex/Ice        5%         N/A       90%         5
 Death Channel            Necr           1%         N/A       100%        6


Dungeon Overview and Level Annotations

Branches:
Dungeon (4/15)            Ossuary (1/1)
 Temple: D:4-7

Annotations:
D:2 Sigmund


Innate Abilities, Weirdness & Mutations

You have an increased reservoir of magic. (+10% MP)
You shall have no god before yourself.
Your divine heritage dramatically boosts your attributes as you level up.


Message History

You miscast Confusing Touch.
Nothing appears to happen.
The wight barely misses you.
Casting: Confusing Touch (quite dangerous; 22% risk of failure)
Confirm with . or Enter, or press ? or * to list all spells.
Your hands begin to glow red.
The wight hits you with a +4 falchion!
You feel drained.
You hit the wight but do no damage. The wight completely misses you.
The wight barely misses you.
You barely miss the wight. The wight misses you.
You hit the wight but do no damage.
The wight appears confused.
The wight closely misses you.
The wight hits itself but does no damage.
There is an open door here.
You hit the wight but do no damage. You hit the wight but do no damage.
The wight hits you with a +4 falchion.
You hit the wight.
The wight is lightly damaged.
The wight hits you with a +4 falchion.
You feel drained.
The wight hits itself with a +4 falchion!
You hit the wight but do no damage.
The wight is severely damaged.
You catch the helpless wight completely off-guard!
You hit the wight.
The wight is almost destroyed.
The wight hits you with a +4 falchion!
* * * LOW HITPOINT WARNING * * *
You feel drained.
* * * LOW HITPOINT WARNING * * *
You hit the wight but do no damage.
The wight is almost destroyed.
The wight hits you with a +4 falchion.
* * * LOW HITPOINT WARNING * * *
Okay, then.
Unknown command.
You hit the wight but do no damage.
The wight is almost destroyed.
The wight seems less confused.
The wight hits you with a +4 falchion!
* * * LOW HITPOINT WARNING * * *
You feel drained.
You die...

∩###...##
..'....'#
∩###...## ##
##'## .+
#.######..#
#.##.....#
#....##+##
##..##...######
##.'.....'.@^+
####...###z##
##'## ### #.#
###


You could see a wight.

Vanquished Creatures
  A centaur skeleton (Ossuary)
  Ijyb (D:3)
  A human skeleton (D:3)
  3 mummies (Ossuary)
  A gnoll (D:3)
  4 adders
  3 dart slugs
  2 ribbon worms
  3 orcs
  6 bats
  4 endoplasms
  2 giant cockroaches
  3 goblins
  11 hobgoblins
  12 jackals (D:1)
  8 kobolds
  7 quokkas
  7 ball pythons
  7 frilled lizards
  A gnoll skeleton (Ossuary)
  A kobold skeleton (Ossuary)
  An orc skeleton (Ossuary)
  4 rats
93 creatures vanquished.

Vanquished Creatures (others)
  An orc (D:3)
1 creature vanquished.

Grand Total: 94 creatures vanquished

Notes
Turn   | Place    | Note
-------+----------+-------------------------------------------
     0 | D:1      | GordonOverkill the Demigod Gladiator began the quest for
                  | the Orb.
     0 | D:1      | Reached XP level 1. HP: 17/17 MP: 3/3
   178 | D:1      | Reached XP level 2. HP: 25/25 MP: 4/4
   587 | D:1      | Reached skill level 1 in Spellcasting
   587 | D:1      | Reached XP level 3. HP: 31/31 MP: 7/7
  1183 | D:2      | Learned a level 3 spell: Confusing Touch
  1243 | D:2      | Noticed Sigmund
  1677 | D:2      | Reached XP level 4. HP: 26/38 MP: 10/10
  2332 | D:2      | Learned a level 1 spell: Slow
  2448 | D:3      | Noticed Ijyb
  2671 | D:3      | Found a runed translucent door.
  2671 | D:3      | Noticed a human
  2732 | D:3      | Reached skill level 1 in Hexes
  3251 | D:3      | a human changed into a golden eye
  3251 | D:3      | Noticed a golden eye
  3268 | D:3      | Killed Ijyb
  3269 | D:3      | Reached XP level 5. HP: 45/45 MP: 7/12
  3427 | D:3      | Learned a level 3 spell: Frozen Ramparts
  3847 | D:4      | Found a sand-covered staircase.
  3854 | Ossuary  | Entered an ossuary
  3874 | Ossuary  | Reached skill level 1 in Ice Magic
  4102 | Ossuary  | Slain by a wight

Illustrated notes

Levels and vault maps discovered:
D:1:      minmay_arrival_cross, layout_basic, hellmonk_ecumenical_altar_zigzags,
          minmay_pentomino_t4
D:2:      layout_basic, basic_altar, uniq_sigmund
D:3:      minmay_general_purpose_star, layout_loops_ring, dk_yredelemnul_ordeal,
          kennysheep_crisscross, serial_park_tiny_pond, nrook_campfire,
          uniq_ijyb
D:4:      layout_layer_cave, tso_oasis_becter, enter_ossuary_4,
          minmay_gold_behind_fungi, uniq_crazy_yiuf_cottage
Ossuary:  ossuary_due_small_catacomb

Skill      XL: |  1  2  3  4  5 |
---------------+----------------+-----
Fighting       | 2 3 |  3.0
Spellcasting   | 1 2 3 |  3.0
Hexes          | 1 2 |  2.0
Ice Magic      | 2 |  2.2
Short Blades   | |  2.6
Throwing       | |  1.7
Dodging        | |  2.6

Action                     |  1- 3 |  4- 6 || total
---------------------------+-------+-------++-------
  Melee: Rapier            |   227 |   172 ||   399
         Punch             |     3 |     4 ||     7
  Throw: Throwing net      |       |     2 ||     2
   Cast: Confusing Touch   |       |     2 ||     2
    Use: Scroll            |     2 |     9 ||    11
   Stab: Sleeping          |     3 |       ||     3
         Confused          |       |     3 ||     3
 Armour: Leather armour    |   140 |    97 ||   237
         Skin              |       |     1 ||     1
  Dodge: Dodged            |   184 |   103 ||   287
